 Dungeon Crawl Stone Soup version 0.21-a0-329-g12f17e1 (webtiles) character file.

624 tidbits the Insei (level 7, -7/52 HPs)
             Began as a Gnoll Transmuter on Oct 1, 2017.
             Was a Believer of Cheibriados.
             Shot with an arrow by a centaur (10 damage)
             ... on level 5 of the Dungeon.
             The game lasted 00:07:24 (991 turns).

tidbits the Insei (Gnoll Transmuter)                 Turns: 991, Time: 00:07:25

Health: -7/52      AC:  2    Str: 15      XL:     7   Next: 47%
Magic:  14/15      EV: 15    Int: 21      God:    Cheibriados [**....]
Gold:   140        SH:  0    Dex: 17 (19) Spells: 9/17 levels left

rFire    . . .     SeeInvis .     - Unarmed
rCold    . . .     Gourm    .   (no shield)
rNeg     . . .     Faith    .   b - +0 robe
rPois    .         Spirit   .   (no helmet)
rElec    .         Reflect  .   (no cloak)
rCorr    .         Harm     .   (no gloves)
MR       .....                  (no boots)
Stlth    ++........             (no amulet)
HPRegen  0.17/turn              m - -2 ring of strength (curse)
MPRegen  0.14/turn              (no ring)

@: very slow
A: distributed training, fangs 1, strong nose
a: Bend Time, Renounce Religion


You were on level 5 of the Dungeon.
You worshipped Cheibriados.
Cheibriados was pleased with you.
You were not hungry.

You visited 1 branch of the dungeon, and saw 5 of its levels.

You collected 140 gold pieces.

Inventory:

Missiles
 a - 24 arrows
 g - 44 stones (quivered)
 l - 7 poisoned javelins
Armour
 b - a +0 robe (worn)
 f - a +0 large shield
 o - +0 shadow dragon scales
 p - a cursed +0 chain mail
Jewellery
 m - a cursed -2 ring of strength (left hand)
   (You found it on level 2 of the Dungeon)
Scrolls
 e - a scroll of recharging
 i - 6 scrolls of identify
 j - 2 scrolls of magic mapping
 n - a scroll of enchant weapon
 q - a scroll of teleportation
 r - 2 scrolls of remove curse
Books
 c - a book of Changes

   Spells                             Type                      Level
   a - Beastly Appendage              Transmutation                1
   b - Sticks to Snakes               Transmutation                2
   c - Spider Form                    Transmutation/Poison         3
   d - Ice Form                       Ice/Transmutation            4
   e - Blade Hands                    Transmutation                5
 k - a book of Minor Magic
   (You found it on level 2 of the Dungeon)

   Spells                             Type                      Level
   a - Magic Dart                     Conjuration                  1
   b - Blink                          Translocation                2
   c - Call Imp                       Summoning                    2
   d - Slow                           Hexes                        2
   e - Conjure Flame                  Conjuration/Fire             3
   f - Mephitic Cloud                 Conjuration/Poison/Air       3
 s - a book of Conjurations
   (You found it on level 5 of the Dungeon)

   Spells                             Type                      Level
   a - Magic Dart                     Conjuration                  1
   b - Searing Ray                    Conjuration                  2
   c - Dazzling Spray                 Conjuration/Hexes            3
   d - Fulminant Prism                Conjuration/Hexes            4
   e - Force Lance                    Conjuration/Translocation    4
   f - Iskenderun's Mystic Blast      Conjuration                  4
Comestibles
 d - 4 bread rations
 h - 3 meat rations


   Skills:
 + Level 3.6 Fighting
 + Level 2.4 Short Blades
 + Level 2.4 Long Blades
 + Level 2.4 Axes
 + Level 2.4 Maces & Flails
 + Level 2.4 Polearms
 + Level 2.4 Staves
 + Level 2.4 Slings
 + Level 2.4 Bows
 + Level 2.4 Crossbows
 + Level 2.4 Throwing
 + Level 2.4 Armour
 + Level 5.2 Dodging
 + Level 2.4 Stealth
   Level 0.0 Stabbing
 + Level 2.4 Shields
   Level 0.0 Traps
 + Level 7.0 Unarmed Combat
 + Level 5.6 Spellcasting
 + Level 2.4 Conjurations
 + Level 2.4 Hexes
 + Level 2.4 Charms
 + Level 2.4 Summonings
 + Level 2.4 Necromancy
 + Level 2.4 Translocations
 + Level 5.2 Transmutations
 + Level 2.4 Fire Magic
 + Level 2.4 Ice Magic
 + Level 2.4 Air Magic
 + Level 2.4 Earth Magic
 + Level 2.4 Poison Magic
 + Level 2.4 Invocations
 + Level 2.4 Evocations


You had 9 spell levels left.
You knew the following spells:

 Your Spells              Type           Power        Failure   Level  Hunger
b - Blink                 Tloc           N/A          5%          2    None
e - Beastly Appendage     Tmut           ####..       1%          1    None
k - Sticks to Snakes      Tmut           ####....     1%          2    None
p - Spider Form           Tmut/Pois      ###.......   6%          3    ##.....


Dungeon Overview and Level Annotations

Branches:
Dungeon (5/15)
 Temple: D:4-7

Altars:
Cheibriados
Dithmenos
Fedhas

Shops:
D:5 [


Innate Abilities, Weirdness & Mutations

Your experience applies equally to all skills.
You have very sharp teeth.
Your uncanny sense of smell can sniff out nearby items.


Message History

You hear the hiss of flowing sand.
There is an entrance to an ossuary on this level.
Hurry and find it before the portal is buried!
There is a stone staircase leading up here.
As you read the scroll labeled YNYEMI HAONN, it crumbles to dust.
You feel strangely unstable.
It was a scroll of teleportation.
Your surroundings suddenly seem different.
Found a leather armour.
A quokka comes into view.
You hear the hiss of a very distant avalanche of sand.
Casting: Spider Form
Confirm with . or Enter, or press ? or * to list all spells.
You turn into a venomous arachnid creature.
Your +0 robe melds into your body.
A quasit comes into view.
The quokka bites you.
* * * LOW HITPOINT WARNING * * *
The quokka misses you.
Found 15 gold pieces.
You hit the quokka but do no damage.
The quokka is poisoned.
The quokka bites you.
* * * LOW HITPOINT WARNING * * *
You hit the quokka.
The quokka is moderately wounded.
The quokka closely misses you.
You bite the quokka!
You kill the quokka!
Cheibriados appreciates the change of pace.
The quasit gives a chilling moan.
Something shouts, "Take thy face hence, thou churlish fool-headed zombie-fodder!"
Casting: Spider Form
Confirm with . or Enter, or press ? or * to list all spells.
You miscast Sticks to Snakes.
You are very lightly contaminated with residual magic.
Multicoloured lights dance before your eyes!
The quasit bites you.
* * * LOW HITPOINT WARNING * * *
You feel clumsy. The quasit barely misses you.
The quasit completely misses you. The quasit closely misses you.
The quasit misses you. The quasit completely misses you.
A shadow imp comes into view.
Casting: Sticks to Snakes
Confirm with . or Enter, or press ? or * to list all spells.
You create a snake!
You now have 24 arrows.
The quasit bites you.
* * * LOW HITPOINT WARNING * * *
You feel clumsy. The quasit misses you. The quasit completely misses you.
You bite the quasit!
The quasit is severely wounded.
The quasit bites you but does no damage.
The quasit completely misses you. x2
Your ball python closely misses the quasit.
Your ball python completely misses the quasit.
You bite the quasit!
You kill the quasit!
Cheibriados appreciates the change of pace.
The shadow imp gestures at you. Pain shoots through your body!
* * * LOW HITPOINT WARNING * * *
The shadow imp barely misses your ball python.
Your ball python closely misses the shadow imp.
Your ball python barely misses the shadow imp. x2
Your ball python closely misses the shadow imp.
You completely miss the shadow imp.
Your ball python barely misses the shadow imp.
Your ball python grabs the shadow imp.
Your ball python constricts the shadow imp.
The shadow imp gestures at you. Pain shoots through your body!
* * * LOW HITPOINT WARNING * * *
You hit the shadow imp but do no damage.
Your ball python bites the shadow imp.
Your ball python constricts the shadow imp.
The shadow imp barely misses you.
You bite the shadow imp!
You kill the shadow imp!
Cheibriados appreciates the change of pace.
Found an escape hatch in the ceiling.
You now have 140 gold pieces (gained 15).
Found 20 arrows.
Your transformation is almost over.
Your magical contamination has completely faded away.
Your transformation has ended.
Your +0 robe unmelds from your body.
Your ball python withers and dies!
A centaur and a crimson imp come into view.
The centaur shouts!
The centaur wields a shortbow.
The centaur shoots an arrow.
The arrow hits you.
* * * LOW HITPOINT WARNING * * *
You see here an arrow.
The crimson imp shouts!
The centaur shoots an arrow.
The arrow completely misses you.
The centaur shoots an arrow.
The arrow hits you!
* * * LOW HITPOINT WARNING * * *
The centaur shoots an arrow.
The arrow barely misses you.
A worker ant comes into view.
You see here 3 arrows.
The crimson imp throws a stone.
The stone barely misses you.
The centaur shoots an arrow.
The arrow hits you!
You die...

####..#...## #
##........## #
#........### . #
#..........## .. #
#...........### .. #
#.............## .# #
#..........##.(###
..# #
#..........####(.#..#
# #..........#
#.@...# #.........##
#......a# #....
#.........#
#........# #....
#.........#
#........... #....
.........##
#.....5.c... ##....
#....<...#
#........... #.....
#........#
............ #.....
#.......##
#............ ##.....
##......# #......


You could see a centaur, a worker ant (wandering) and a crimson imp.

Vanquished Creatures
  A soldier ant (D:5)
  A centaur (D:3)
  A bullfrog (D:2)
  4 scorpions (D:5)
  A killer bee (D:5)
  A hound (D:5)
  A quasit (D:5)
  A worker ant (D:5)
  2 adders (D:2)
  A shadow imp (D:5)
  An orc (D:5)
  9 giant cockroaches
  5 goblins
  3 quokkas
  5 bats
  3 frilled lizards
  A kobold (D:1)
  7 rats
48 creatures vanquished.

Vanquished Creatures (collateral kills)
  A butterfly (D:5)
1 creature vanquished.

Grand Total: 49 creatures vanquished

Notes
Turn   | Place    | Note
-------+----------+-------------------------------------------
     0 | D:1      | tidbits the Gnoll Transmuter began the quest for the Orb.
     0 | D:1      | Reached XP level 1. HP: 17/17 MP: 6/6
    73 | D:2      | Reached XP level 2. HP: 21/23 MP: 5/7
    77 | D:2      | Learned a level 2 spell: Sticks to Snakes
   149 | D:2      | Found a snail-covered altar of Cheibriados.
   153 | D:2      | Became a worshipper of Cheibriados the Contemplative
   157 | D:2      | Found a blossoming altar of Fedhas.
   160 | D:2      | Found a shadowy altar of Dithmenos.
   171 | D:2      | Learned a level 2 spell: Blink
   190 | D:2      | Reached XP level 3. HP: 19/28 MP: 5/9
   213 | D:2      | Reached skill level 5 in Spellcasting
   274 | D:1      | Learned a level 3 spell: Spider Form
   373 | D:2      | Noticed a bullfrog
   380 | D:2      | Killed a bullfrog
   380 | D:2      | Reached * piety under Cheibriados
   380 | D:2      | Reached skill level 1 in Short Blades
   380 | D:2      | Reached skill level 1 in Long Blades
   380 | D:2      | Reached skill level 1 in Axes
   380 | D:2      | Reached skill level 1 in Maces & Flails
   380 | D:2      | Reached skill level 1 in Polearms
   380 | D:2      | Reached skill level 1 in Staves
   380 | D:2      | Reached skill level 1 in Slings
   380 | D:2      | Reached skill level 1 in Bows
   380 | D:2      | Reached skill level 1 in Crossbows
   380 | D:2      | Reached skill level 1 in Throwing
   380 | D:2      | Reached skill level 1 in Armour
   380 | D:2      | Reached skill level 1 in Stealth
   380 | D:2      | Reached skill level 1 in Shields
   380 | D:2      | Reached skill level 1 in Conjurations
   380 | D:2      | Reached skill level 1 in Hexes
   380 | D:2      | Reached skill level 1 in Charms
   380 | D:2      | Reached skill level 1 in Summonings
   380 | D:2      | Reached skill level 1 in Necromancy
   380 | D:2      | Reached skill level 1 in Translocations
   380 | D:2      | Reached skill level 1 in Fire Magic
   380 | D:2      | Reached skill level 1 in Ice Magic
   380 | D:2      | Reached skill level 1 in Air Magic
   380 | D:2      | Reached skill level 1 in Earth Magic
   380 | D:2      | Reached skill level 1 in Poison Magic
   380 | D:2      | Reached skill level 1 in Invocations
   380 | D:2      | Reached skill level 1 in Evocations
   380 | D:2      | Reached XP level 4. HP: 34/34 MP: 8/11
   585 | D:3      | Noticed a centaur
   592 | D:3      | Killed a centaur
   592 | D:3      | Reached skill level 3 in Fighting
   592 | D:3      | Reached XP level 5. HP: 32/41 MP: 8/12
   717 | D:5      | Entered Level 5 of the Dungeon
   785 | D:5      | Found Avvaitt's Antique Armour Shop.
   818 | D:5      | Reached XP level 6. HP: 45/47 MP: 9/13
   822 | D:5      | Found a runed door.
   824 | D:5      | Found a runed door.
   830 | D:5      | Reached skill level 5 in Dodging
   830 | D:5      | Reached skill level 5 in Transmutations
   836 | D:5      | Noticed a soldier ant
   840 | D:5      | Reached skill level 2 in Short Blades
   840 | D:5      | Reached skill level 2 in Long Blades
   840 | D:5      | Reached skill level 2 in Axes
   840 | D:5      | Reached skill level 2 in Maces & Flails
   840 | D:5      | Reached skill level 2 in Polearms
   840 | D:5      | Reached skill level 2 in Staves
   840 | D:5      | Reached skill level 2 in Slings
   840 | D:5      | Reached skill level 2 in Bows
   840 | D:5      | Reached skill level 2 in Crossbows
   840 | D:5      | Reached skill level 2 in Throwing
   840 | D:5      | Reached skill level 2 in Armour
   840 | D:5      | Reached skill level 2 in Stealth
   840 | D:5      | Reached skill level 2 in Shields
   840 | D:5      | Reached skill level 2 in Conjurations
   840 | D:5      | Reached skill level 2 in Hexes
   840 | D:5      | Reached skill level 2 in Charms
   840 | D:5      | Reached skill level 2 in Summonings
   840 | D:5      | Reached skill level 2 in Necromancy
   840 | D:5      | Reached skill level 2 in Translocations
   840 | D:5      | Reached skill level 2 in Fire Magic
   840 | D:5      | Reached skill level 2 in Ice Magic
   840 | D:5      | Reached skill level 2 in Air Magic
   840 | D:5      | Reached skill level 2 in Earth Magic
   840 | D:5      | Reached skill level 2 in Poison Magic
   840 | D:5      | Reached skill level 2 in Invocations
   840 | D:5      | Reached skill level 2 in Evocations
   843 | D:5      | Reached ** piety under Cheibriados
   847 | D:5      | Killed a soldier ant
   847 | D:5      | Reached skill level 7 in Unarmed Combat
   847 | D:5      | Reached XP level 7. HP: 42/52 MP: 2/15
   990 | D:5      | HP: 3/52 [centaur/arrow (8)]
   991 | D:5      | Shot with an arrow by a centaur

Vault maps used:
D:1:      lightli_arrival_quake, grunt_decor_clamped
D:2:      grunt_temple_overflow_diamond, dancing_weapons_uskayaw
D:3:      uniq_robin
D:4:      kennysheep_six_static_rooms, nicolae_overflow_crystal_walls,
          first_bread
D:5:      lemuel_insect_pit, serial_shops, nicolae_shop_crystal, shop_fountains,
          shop, nicolae_ossuary_entry_monument

Skill      XL: |  1  2  3  4  5  6 |
---------------+-------------------+-----
Spellcasting   | 5 |  5.6
Short Blades   | 1 2 |  2.4
Long Blades    | 1 2 |  2.4
Axes           | 1 2 |  2.4
Maces & Flails | 1 2 |  2.4
Polearms       | 1 2 |  2.4
Staves         | 1 2 |  2.4
Slings         | 1 2 |  2.4
Bows           | 1 2 |  2.4
Crossbows      | 1 2 |  2.4
Throwing       | 1 2 |  2.4
Armour         | 1 2 |  2.4
Stealth        | 1 2 |  2.4
Shields        | 1 2 |  2.4
Conjurations   | 1 2 |  2.4
Hexes          | 1 2 |  2.4
Charms         | 1 2 |  2.4
Summonings     | 1 2 |  2.4
Necromancy     | 1 2 |  2.4
Translocations | 1 2 |  2.4
Fire Magic     | 1 2 |  2.4
Ice Magic      | 1 2 |  2.4
Air Magic      | 1 2 |  2.4
Earth Magic    | 1 2 |  2.4
Poison Magic   | 1 2 |  2.4
Invocations    | 1 2 |  2.4
Evocations     | 1 2 |  2.4
Fighting       | 3 |  3.6
Dodging        | 5 |  5.2
Transmutations | 5 |  5.2
Unarmed Combat | 7 |  7.0

Action                   |  1- 3 |  4- 6 |  7- 9 || total
-------------------------+-------+-------+-------++-------
Melee: Unarmed           |    49 |    47 |    19 ||   115
       Kick              |     2 |       |       ||     2
       Punch             |     1 |       |       ||     1
       Headbutt          |     1 |       |       ||     1
       Bite              |     2 |       |       ||     2
 Cast: Beastly Appendage |     9 |       |       ||     9
       Sticks to Snakes  |     2 |     4 |     1 ||     7
       Spider Form       |     2 |     9 |     3 ||    14
  Use: Scroll            |       |     4 |     1 ||     5
 Stab: Sleeping          |     1 |     1 |       ||     2
Armor: Robe              |     9 |       |       ||     9
       Skin              |       |     1 |     1 ||     2
Dodge: Dodged            |    36 |    50 |    29 ||   115

Table legend:
 A = Spawn XP
 B = Non-spawn XP
 C = Spawn XP percentage of total XP
 D = Spawn monster count
 E = Non-spawn monster count
 F = Spawn count percentage of total count
 G = Total turns spent on level
                    A         B        C        D         E        F      G
               +---------+---------+-------+---------+---------+-------+---------
         Total |       0 |     892 |   0.0 |       0 |      48 |   0.0 |   991
               +---------+---------+-------+---------+---------+-------+---------
           D:1 |       0 |      15 |   0.0 |       0 |      10 |   0.0 |   184
           D:2 |       0 |     132 |   0.0 |       0 |      15 |   0.0 |   347
           D:3 |       0 |     124 |   0.0 |       0 |       6 |   0.0 |   110
           D:4 |       0 |       2 |   0.0 |       0 |       1 |   0.0 |    90
           D:5 |       0 |     619 |   0.0 |       0 |      16 |   0.0 |   260
               +---------+---------+-------+---------+---------+-------+---------

Table legend:
 A = Turns spent in this place as a percentage of turns spent in the entire game.
 B = Non-inter-level travel turns spent in this place as a percentage of non-inter-level travel turns spent in the entire game.
 C = Inter-level travel turns spent in this place as a percentage of turns spent in this place.
 D = Turns resting spent in this place as a percentage of non-inter-level travel turns spent in this place.
 E = Turns spent auto-exploring this place as a percentage of non-inter-level travel turns spent in this place.
 F = Non-inter-level travel turns spent in this place divided by the number of levels of this place that you've seen.
                   A       B       C       D       E      F
               +-------+-------+-------+-------+-------+----------------------
         Total | 100.0 | 100.0 |   2.0 |   0.0 |   0.0 | 194.2
       Dungeon | 100.0 | 100.0 |   2.0 |   0.0 |   0.0 | 194.2
               +-------+-------+-------+-------+-------+----------------------

Table legend:
 A = Kills in this place as a percentage of kills in entire the game.
 B = Kills by you in this place as a percentage of kills by you in the entire game.
 C = Kills by friends in this place as a percentage of kills by friends in the entire game.
 D = Other kills in this place as a percentage of other kills in the entire game.
 E = Experience gained in this place as a percentage of experience gained in the entire game.
 F = Experience gained in this place divided by the number of levels of this place that you have seen.
                   A       B       C       D       E      F
               +-------+-------+-------+-------+-------+----------------------
         Total | 100.0 | 100.0 |   N/A |   N/A | 100.0 | 178.4
       Dungeon | 100.0 | 100.0 |   N/A |   N/A | 100.0 | 178.4
               +-------+-------+-------+-------+-------+----------------------

Vault maps used:
D:1:      lightli_arrival_quake, grunt_decor_clamped
D:2:      grunt_temple_overflow_diamond, dancing_weapons_uskayaw
D:3:      uniq_robin
D:4:      kennysheep_six_static_rooms, nicolae_overflow_crystal_walls,
          first_bread
D:5:      lemuel_insect_pit, serial_shops, nicolae_shop_crystal, shop_fountains,
          shop, nicolae_ossuary_entry_monument
